 Dungeon Crawl Stone Soup version 0.29-a0-542-g075992c915 (webtiles) character file.

Game seed: 17482121078729725312

1 Sweetruy1997 the Skirmisher (level 1, -3/18 HPs)
             Began as a Demonspawn Chaos Knight on June 4, 2022.
             Was a Plaything of Xom.
             Slain by a hobgoblin (5 damage)
             ... on level 1 of the Dungeon.
             The game lasted 00:00:22 (48 turns).

Sweetruy1997 the Skirmisher (Demonspawn Chaos Knight) Turns: 48, Time: 00:00:23

Health: -3/18      AC:  5    Str: 12    XL:     1   Next: 16%
Magic:  1/1        EV: 11    Int: 13    God:    Xom [..*...]
Gold:   0          SH:  0    Dex: 12    Spells: 0/0 levels left

rFire   . . .      SeeInvis .   a - +0 falchion (chaos)
rCold   . . .      Faith    .   (no shield)
rNeg    . . .      Spirit   .   b - +2 leather armour
rPois   .          Reflect  .   (no helmet)
rElec   .          Harm     .   (no cloak)
rCorr   .          Rampage  .   (no gloves)
Will    .....                   (no boots)
Stlth   +.........              (no amulet)
HPRegen 0.06/turn               (no ring)
MPRegen 0.07/turn               (no ring)

@: no status effects
A: no striking features
a: Renounce Religion


You were on level 1 of the Dungeon.
You worshipped Xom.
You were a toy of Xom.
You visited 1 branch of the dungeon, and saw 1 of its levels.

Inventory:

Hand Weapons
 a - a +0 falchion of chaos (weapon)
Armour
 b - a +2 leather armour (worn)
Miscellaneous
 c - a piece from Xom's chessboard (14/15) (quivered)


   Skills:
 + Level 3.0 Fighting
 + Level 2.6 Long Blades
 + Level 1.9 Armour
 + Level 0.8 Dodging


You couldn't memorise any spells.
You didn't know any spells.
Your spell library was empty.

Dungeon Overview and Level Annotations

Branches:
Dungeon (1/15)

Altars:

Annotations:
D:1 2 transporters


Message History

Xom snickers.
Nothing appears to happen...
Ominous!
Found a leather armour.
A hobgoblin and a goblin come into view.
The goblin shouts!
The hobgoblin shouts!
The hobgoblin hits you but does no damage.
You closely miss the hobgoblin. The hobgoblin hits you.
You make a move on Xom's chessboard...
The hobgoblin flickers and vanishes!
Deactivating autopickup; reactivate with Ctrl-A.
An endoplasm comes into view.
Something hits you but does no damage.
You closely miss the goblin. The goblin hits you but does no damage.
Something barely misses you.
You hit the goblin. You burn the goblin.
The goblin is heavily wounded.
The goblin closely misses you. Something hits you.
You closely miss the goblin.
The goblin is heavily wounded.
Something hits you but does no damage. The goblin barely misses you.
The endoplasm quivers.
You hit the goblin.
You kill the goblin!
Something hits you but does no damage.
Things that are here:
a +0 dagger; a goblin corpse Something hits you but does no damage.
Something hits you.
You hit something.
Xom is highly amused!
Nothing appears to happen.
Something hits you. x2
You closely miss something. Something hits you but does no damage.
You closely miss something. Something hits you.
* * * LOW HITPOINT WARNING * * *
You hit something but do no damage. Something hits you but does no damage.
You hit something but do no damage. Something hits you.
* * * LOW HITPOINT WARNING * * *
You hit something but do no damage.
Space warps around something.
Something hits you.
You die...

####..#### #...# ##
#.### .# #.# .# #.#
.# #.# .# #.#
#######.#
#.######.[.....######
#....@{J.....).......
########.####..######
#.# #..# #.# #.J# #.#
#..# #.# #..# ..#
#... ### ##.#


You could see an endoplasm.

Vanquished Creatures
  A goblin (D:1)
1 creature vanquished.

Notes
Turn   | Place    | Note
-------+----------+-------------------------------------------
     0 | D:1      | Sweetruy1997 the Demonspawn Chaos Knight began the quest
                  | for the Orb.
     0 | D:1      | Reached XP level 1. HP: 18/18 MP: 1/1
    14 | D:1      | XOM: silly message
    48 | D:1      | Slain by a hobgoblin

Illustrated notes

Levels and vault maps discovered:
D:1:      spicycebolla_arrival_transporter_tutorial, layout_loops_ring,
          hellmonk_ecumenical_altar_arch_garden, minmay_pentomino_t2

Action                   || total
-------------------------++-------
Melee: Falchion          ||    11
Evoke: Piece from Xom's  ||     1
Armor: Leather armour    ||     8
Dodge: Dodged            ||     3

Table legend: (Time is in decaauts)
 A = Elapsed time spent in this place.
 B = Non-inter-level travel time spent in this place.
 C = Inter-level travel time spent in this place.
 D = Time resting spent in this place.
 E = Time spent auto-exploring this place.
 F = Levels seen in this place.
 G = Mean time per level.
                   A        B        C        D        E       F      G
               +--------+--------+--------+--------+--------+-----+--------+
         Total |     49 |     49 |      0 |      0 |     24 |   1 |   49.0 |
       Dungeon |     49 |     49 |      0 |      0 |     24 |   1 |   49.0 |
               +--------+--------+--------+--------+--------+-----+--------+

Top non-repeatable levels by time:
     D:1: 49 daAuts
